 Dungeon Crawl Stone Soup version 0.23.2-1-ga50397a (webtiles) character file.

Game seed: 13224155455044380141

2746 dvd the Cleaver (level 9, -4/81 HPs)
             Began as a Deep Dwarf Gladiator on May 4, 2019.
             Was a Follower of Makhleb.
             Slain by a two-headed ogre
             ... wielding a +0 giant club
              (17 damage)
             ... on level 8 of the Dungeon.
             The game lasted 00:16:22 (6419 turns).

dvd the Cleaver (Deep Dwarf Gladiator)              Turns: 6419, Time: 00:16:22

Health: -4/81      AC: 17    Str: 21    XL:     9   Next: 41%
Magic:  8/8        EV: 10    Int:  8    God:    Makhleb [*.....]
Gold:   131        SH:  0    Dex: 15    Spells: 8/8 levels left

rFire    . . .     SeeInvis .   a - +2 war axe
rCold    . . .     Gourm    .   (no shield)
rNeg     . . .     Faith    .   D - +0 shadow dragon scales
rPois    +         Spirit   .   c - +0 helmet
rElec    .         Reflect  .   (no cloak)
rCorr    +         Harm     .   (no gloves)
MR       +....                  e - +2 pair of boots
Stlth    +++.......             (no amulet)
HPRegen  0.00/turn              A - ring of poison resistance
MPRegen  0.11/turn              n - ring of resist corrosion

@: non-regenerating
A: damage resistance, heal wounds, sense surroundings 2, no regeneration
a: Heal Wounds, Renounce Religion


You were on level 8 of the Dungeon.
You worshipped Makhleb.
Makhleb was aware of your devotion.
You were not hungry.

You visited 2 branches of the dungeon, and saw 9 of its levels.

You collected 356 gold pieces.
You spent 225 gold pieces at shops.

Inventory:

Hand Weapons
 a - a +2 war axe (weapon)
 r - a +1 falchion of holy wrath
Armour
 c - a +0 helmet (worn)
 e - a +2 pair of boots (worn)
 z - a +0 crystal plate armour
 D - +0 shadow dragon scales (worn)
Jewellery
 n - a ring of resist corrosion (right hand)
 u - a +5 ring of intelligence
 A - a ring of poison resistance (left hand)
 C - an uncursed ring of see invisible
Wands
 v - a wand of iceblast (10)
Scrolls
 i - a scroll of fear
 j - 3 scrolls of immolation
 m - 5 scrolls of identify
 o - 5 scrolls of teleportation
 p - 5 scrolls of remove curse
 y - 2 scrolls of amnesia
Potions
 d - a potion of haste
 k - 2 potions of cancellation {unknown}
 q - 2 potions of agility
 s - 6 potions of curing
 t - 3 potions of might
 w - 2 potions of brilliance
 x - 4 potions of flight
 B - a potion of heal wounds
Comestibles
 f - 13 rations


   Skills:
 + Level 5.1 Fighting
 + Level 10.5 Axes
 + Level 2.2 Throwing
 * Level 6.4 Armour
 + Level 5.0 Dodging
 + Level 2.0 Stealth


You had 8 spell levels left.
You didn't know any spells.
Your spell library was empty.

Dungeon Overview and Level Annotations

Branches:
Dungeon (8/15)             Temple (1/1) D:6
   Lair: D:8-11

Altars:
Ashenzari
Cheibriados
Dithmenos
Elyvilon
Fedhas
Gozag
Hepliaklqana
Kikubaaqudgha
Makhleb
Nemelex Xobeh
Okawaru
Qazlal
Ru
Sif Muna
Trog
Uskayaw
Vehumet
Wu Jian
Yredelemnul
Zin
The Shining One

Shops:
D:7 }   D:8 !


Innate Abilities, Weirdness & Mutations

You are resistant to damage.
You can heal yourself by infusing magical energy.
You passively map the area around you.
You do not regenerate.


Message History

Aim: a two-headed ogre, wielding a +0 giant club and a +0 giant spiked club (lightly wounded)
The mass of ice explodes!
The iceblast engulfs the two-headed ogre!!
The two-headed ogre is heavily wounded.
You hit the two-headed ogre.
The two-headed ogre is heavily wounded.
The two-headed ogre closely misses you.
The two-headed ogre hits you with a +0 giant spiked club.
You barely miss the two-headed ogre.
The two-headed ogre is heavily wounded.
The two-headed ogre hits you with a +0 giant club.
The two-headed ogre hits you but does no damage.
You hit the two-headed ogre.
The two-headed ogre is heavily wounded.
You slash the two-headed ogre!
The two-headed ogre is severely wounded.
The two-headed ogre hits you with a +0 giant club!!
* * * LOW HITPOINT WARNING * * *
The two-headed ogre hits you with a +0 giant spiked club!!
You die...

....# #..............#
....######.#.#.#.#......#
###....##..............##
#........#.#.#.#.....#
#...)###.............# #....#
#######.......#
###....#########.......#
.................#######
..)))...........@'....#
................O#....#
.................##...#
.....########.....#####
.....'......#.[...#
.....#...[..'.....#
.....#..#####.....# #######
.#####..##.#......#####.....#
.'.........+......#...#.....#


You could see a two-headed ogre.

Vanquished Creatures
  Grinder (D:4)
  4 ice beasts
  A sky beast (D:7)
  An orc warrior (D:8)
  2 phantoms (D:4)
  An ogre (D:8)
  3 centaurs
  5 bullfrogs
  4 scorpions
  3 crimson imps
  4 hounds
  3 orc wizards (D:8)
  A bullfrog skeleton (D:6)
  Jessica (D:2)
  3 iguanas
  8 worker ants
  A killer bee zombie (D:5)
  11 gnolls
  14 adders
  An adder zombie (D:6)
  2 adder skeletons
  2 worms
  3 leopard geckos
  15 orcs
  A ball python (D:2)
  16 bats
  4 giant cockroaches
  10 goblins
  6 hobgoblins
  8 jackals
  3 quokkas
  3 frilled lizards
  6 kobolds
  A quokka skeleton (D:4)
  10 rats
162 creatures vanquished.

Notes
Turn   | Place    | Note
-------+----------+-------------------------------------------
     0 | D:1      | dvd the Deep Dwarf Gladiator began the quest for the Orb.
     0 | D:1      | Reached XP level 1. HP: 19/19 MP: 1/1
   112 | D:1      | Reached XP level 2. HP: 24/26 MP: 2/2
   435 | D:1      | Reached skill level 4 in Axes
   500 | D:1      | Reached XP level 3. HP: 20/32 MP: 3/3
  1168 | D:2      | Reached XP level 4. HP: 12/39 MP: 4/4
  1199 | D:2      | Reached skill level 1 in Armour
  1272 | D:2      | Found a deep blue altar of Sif Muna.
  1317 | D:2      | Noticed Jessica
  1320 | D:2      | Killed Jessica
  1320 | D:2      | Reached XP level 5. HP: 26/46 MP: 5/5
  1478 | D:2      | Found a shadowy altar of Dithmenos.
  1618 | D:3      | Reached skill level 5 in Axes
  1776 | D:3      | Found a hazy altar of Hepliaklqana.
  1994 | D:4      | Noticed Grinder
  1997 | D:4      | Paralysed by Grinder for 3 turns
  2017 | D:4      | Killed Grinder
  2017 | D:4      | Reached skill level 6 in Axes
  2017 | D:4      | Reached XP level 6. HP: 24/55 MP: 6/6
  2068 | D:4      | Found a blossoming altar of Fedhas.
  2383 | D:4      | Reached XP level 7. HP: 43/62 MP: 7/7
  2401 | D:4      | Reached skill level 1 in Stealth
  2699 | D:4      | Reached skill level 7 in Axes
  2841 | D:5      | Entered Level 5 of the Dungeon
  3032 | D:5      | Reached XP level 8. HP: 29/72 MP: 7/7
  3165 | D:5      | Reached skill level 8 in Axes
  3936 | D:6      | Found a staircase to the Ecumenical Temple.
  3945 | Temple   | Entered the Ecumenical Temple
  4034 | Temple   | Became a worshipper of Makhleb the Destroyer
  4348 | D:6      | Reached skill level 9 in Axes
  4526 | D:6      | Reached skill level 5 in Dodging
  4545 | D:6      | Reached skill level 5 in Armour
  4878 | D:7      | Found Naunke Nyru's Gadget Boutique.
  4970 | D:7      | Reached * piety under Makhleb
  5162 | D:7      | Gained mutation: You passively map the area around you.
                  | [Deep Dwarf growth]
  5162 | D:7      | Reached XP level 9. HP: 46/79 MP: 8/8
  5551 | D:7      | Reached skill level 10 in Axes
  5704 | D:8      | Reached skill level 5 in Fighting
  5813 | D:8      | Found Lejeiri's Distillery.
  5821 | D:8      | Bought a potion of heal wounds for 75 gold pieces
  5821 | D:8      | Bought a potion of degeneration for 15 gold pieces
  5821 | D:8      | Bought 2 potions of curing for 90 gold pieces
  5821 | D:8      | Bought a potion of curing for 45 gold pieces
  6405 | D:8      | Noticed a two-headed ogre
  6419 | D:8      | Slain by a two-headed ogre

Skill      XL: |  1  2  3  4  5  6  7  8  9 |
---------------+----------------------------+-----
Axes           | 4 6 7 9 10 | 10.5
Dodging        | 4 5 |  5.0
Fighting       | 2 3 4 5 |  5.1
Armour         | 1 2 3 4 5 6 |  6.4
Throwing       | 2 |  2.2
Stealth        | 1 2 |  2.0

Action                   |  1- 3 |  4- 6 |  7- 9 || total
-------------------------+-------+-------+-------++-------
Melee: War axe           |   120 |   131 |   334 ||   585
Throw: Throwing net      |       |     5 |     2 ||     7
 Abil: Heal Wounds       |       |     2 |     5 ||     7
Evoke: Wand              |       |       |     2 ||     2
  Use: Potion            |       |     8 |     1 ||     9
       Scroll            |       |     3 |     9 ||    12
 Stab: Held in net/web   |       |       |     1 ||     1
  Eat: Chunk             |     1 |     4 |    13 ||    18
Armor: Leather armour    |    14 |       |       ||    14
       Ring mail         |    44 |    33 |     6 ||    83
       Chain mail        |       |       |   108 ||   108
       Crystal plate arm |       |       |   111 ||   111
       Shadow dragon sca |       |       |     1 ||     1
Dodge: Dodged            |   104 |   117 |   141 ||   362
